| TOP OF THE 1ST |
|
Utica Blue Jays batting - Pitching for Newark Black Sox : RHP Mark Ciardi
|
|
Pitching: RHP Mark Ciardi
|
|
|
Batting: RHB Ed Allen
|
0-0: Fly out, F8 (Flyball, 8RD, EV 101.3 MPH)
|
|
Batting: RHB Jose Gonzalez
|
0-0: Ball 1-0: Foul Ball, location: 2F 1-1: SOLO HOME RUN (Flyball, 7LD, EV 91.3 MPH), Distance : 346 ft
|
|
Batting: LHB Dave Clark
|
0-0: Called Strike 0-1: Fly out, F6 (Popup, P, EV 86.9 MPH)
|
|
Batting: LHB Robert Williamson
|
0-0: Ball 1-0: Ground out 6-3 (Groundball, 6M, EV 103.1 MPH)
|
| Top of the 1st over - 1 run, 1 hit, 0 errors, 0 left on base; Utica 1 - Newark 0 |
| BOTTOM OF THE 1ST |
|
Newark Black Sox batting - Pitching for Utica Blue Jays : RHP Jeff Satzinger
|
|
Pitching: RHP Jeff Satzinger
|
|
|
Batting: RHB Rafael Belliard
|
0-0: Fly out, F3 (Line Drive, 3, EV 65.6 MPH)
|
|
Batting: RHB Ellis Burks
|
0-0: Called Strike 0-1: Ball 1-1: Swinging Strike 1-2: Ground out 5-3 (Groundball, 56, EV 89.4 MPH)
|
|
Batting: RHB Moises Acosta
|
0-0: Called Strike 0-1: Ground out 5-3 (Groundball, 56S, EV 79.4 MPH)
|
| Bottom of the 1st over - 0 runs, 0 hits, 0 errors, 0 left on base; Utica 1 - Newark 0 |
| TOP OF THE 2ND |
|
Utica Blue Jays batting - Pitching for Newark Black Sox : RHP Mark Ciardi
|
|
Batting: SHB Delwyn Young
|
0-0: Called Strike 0-1: Ball 1-1: Ball 2-1: Foul Ball, location: 2F 2-2: Strikes out swinging
|
|
Batting: RHB Ricky Jordan
|
0-0: Called Strike 0-1: Ball 1-1: Ball 2-1: Swinging Strike 2-2: Foul Ball, location: 2F 2-2: Strikes out swinging
|
|
Batting: SHB Steve Roadcap
|
0-0: Ball 1-0: Ball 2-0: Ball 3-0: Called Strike 3-1: Base on Balls
|
|
Batting: RHB Eddie Santiago
|
0-0: Ball Steve Roadcap steals 2nd base 1-0: SINGLE (Groundball, 34D, EV 102.5 MPH) Steve Roadcap to third Runner from 3rd tries for Home, SAFE, throw by RF to home
|
|
Batting: RHB Gustavo Hernandez
|
0-0: Ball 1-0: Ball 2-0: Foul Ball, location: 2F 2-1: Foul Ball, location: 2F 2-2: Ball 3-2: Base on Balls Eddie Santiago to second
|
|
Batting: RHB Ed Allen
|
0-0: Ball 1-0: Fielders Choice at 2nd, 6-4 (Groundball, 6, EV 83.8 MPH)
|
| Top of the 2nd over - 1 run, 1 hit, 0 errors, 2 left on base; Utica 2 - Newark 0 |
| BOTTOM OF THE 2ND |
|
Newark Black Sox batting - Pitching for Utica Blue Jays : RHP Jeff Satzinger
|
|
Batting: RHB Adrien Perkins
|
0-0: Ball 1-0: Ball 2-0: SINGLE (Groundball, 4D, EV 101.3 MPH)
|
|
Batting: RHB Ignacio Velasquez
|
0-0: Ball 1-0: Called Strike Adrien Perkins is caught stealing 2nd base 2-4 1-1: Ball 2-1: Foul Ball, location: 2F 2-2: Ball 3-2: Base on Balls
|
|
Batting: RHB Jerry Bendorf
|
0-0: Ground out 4-3 (Groundball, 4S, EV 68.1 MPH) Ignacio Velasquez to second
|
|
Batting: LHB Casey Glenn
|
0-0: Ball 1-0: Called Strike 1-1: Ball 2-1: Called Strike 2-2: Strikes out swinging
|
| Bottom of the 2nd over - 0 runs, 1 hit, 0 errors, 1 left on base; Utica 2 - Newark 0 |
| TOP OF THE 3RD |
|
Utica Blue Jays batting - Pitching for Newark Black Sox : RHP Mark Ciardi
|
|
Batting: RHB Jose Gonzalez
|
0-0: Ball 1-0: Ground out 3-1 (Groundball, 34, EV 76.9 MPH)
|
|
Batting: LHB Dave Clark
|
0-0: Ball 1-0: Swinging Strike 1-1: Called Strike 1-2: Strikes out swinging
|
|
Batting: LHB Robert Williamson
|
0-0: Ball 1-0: Foul Ball, location: 2F 1-1: Foul Ball, location: 2F 1-2: SINGLE (Line Drive, 6MD, EV 101.3 MPH)
|
|
Batting: SHB Delwyn Young
|
0-0: Ball 1-0: Ball 2-0: Ball 3-0: Called Strike 3-1: Foul Ball, location: 2F 3-2: Foul Ball, location: 2F 3-2: Foul Ball, location: 2F 3-2: Base on Balls Robert Williamson to second
|
|
Batting: RHB Ricky Jordan
|
0-0: Swinging Strike 0-1: Called Strike 0-2: Ball 1-2: Ball 2-2: Ball 3-2: Foul Ball, location: 2F 3-2: Fly out, F7 (Flyball, 78S, EV 95.0 MPH)
|
| Top of the 3rd over - 0 runs, 1 hit, 0 errors, 2 left on base; Utica 2 - Newark 0 |
| BOTTOM OF THE 3RD |
|
Newark Black Sox batting - Pitching for Utica Blue Jays : RHP Jeff Satzinger
|
|
Batting: RHB Danny Griffin
|
0-0: Ground out 6-3 (Groundball, 6, EV 83.8 MPH)
|
|
Batting: RHB Orlando Gonzalez
|
0-0: Ball 1-0: Called Strike 1-1: Ball 2-1: Ball 3-1: Foul Ball, location: 2F 3-2: Base on Balls
|
|
Batting: RHB Rafael Belliard
|
0-0: SINGLE (Line Drive, 8LS, EV 97.5 MPH) Orlando Gonzalez to second
|
|
Batting: RHB Ellis Burks
|
0-0: Called Strike 0-1: Foul Ball, location: 2F 0-2: DOUBLE (Line Drive, 78D, EV 101.3 MPH) Orlando Gonzalez scores Rafael Belliard to third Runner from 3rd tries for Home, SAFE, no throw by LF
|
|
Batting: RHB Moises Acosta
|
0-0: Ball 1-0: Ball Wild Pitch! Ellis Burks to third 2-0: Called Strike 2-1: Foul Ball, location: 2F 2-2: Foul Ball, location: 2F 2-2: Foul Ball, location: 2F 2-2: Strikes out looking
|
|
Batting: RHB Adrien Perkins
|
0-0: Ground out 5-3 (Groundball, 56S, EV 92.5 MPH)
|
| Bottom of the 3rd over - 2 runs, 2 hits, 0 errors, 1 left on base; Utica 2 - Newark 2 |
| TOP OF THE 4TH |
|
Utica Blue Jays batting - Pitching for Newark Black Sox : RHP Mark Ciardi
|
|
Pitching: RHP Edgar Salas
|
|
|
Batting: SHB Steve Roadcap
|
0-0: Ball 1-0: Ball 2-0: Foul Ball, location: 2F 2-1: Ball 3-1: Base on Balls
|
|
Batting: RHB Eddie Santiago
|
0-0: Grounds into double play, 6-4-3 (Groundball, 56, EV 78.1 MPH)
|
|
Batting: RHB Gustavo Hernandez
|
0-0: Ball 1-0: Foul Ball, location: 2F 1-1: Ball 2-1: Ball 3-1: Foul Ball, location: 2F 3-2: Fly out, F9 (Line Drive, 9, EV 90.6 MPH)
|
| Top of the 4th over - 0 runs, 0 hits, 0 errors, 0 left on base; Utica 2 - Newark 2 |
| BOTTOM OF THE 4TH |
|
Newark Black Sox batting - Pitching for Utica Blue Jays : RHP Jeff Satzinger
|
|
Batting: RHB Ignacio Velasquez
|
0-0: Ball 1-0: Ball 2-0: Ball 3-0: Base on Balls
|
|
Batting: RHB Jerry Bendorf
|
0-0: Foul Ball, location: 2F 0-1: Called Strike 0-2: SINGLE (Line Drive, 89M, EV 113.1 MPH) Ignacio Velasquez to second
|
|
Batting: LHB Casey Glenn
|
0-0: Ball 1-0: Ball 2-0: Called Strike 2-1: Ball 3-1: Foul Ball, location: 2F 3-2: Fly out, F5 (Popup, 56S, EV 66.9 MPH)
|
|
Batting: RHB Danny Griffin
|
0-0: Ball Wild Pitch! Ignacio Velasquez to third Jerry Bendorf to second 1-0: Ball 2-0: Fly out, F6 (Flyball, 5D, EV 87.5 MPH)
|
|
Batting: RHB Orlando Gonzalez
|
0-0: Ball 1-0: Ground out 5-3 (Groundball, 56S, EV 76.9 MPH)
|
| Bottom of the 4th over - 0 runs, 1 hit, 0 errors, 2 left on base; Utica 2 - Newark 2 |
| TOP OF THE 5TH |
|
Utica Blue Jays batting - Pitching for Newark Black Sox : RHP Edgar Salas
|
|
Batting: RHB Ed Allen
|
0-0: Swinging Strike 0-1: Ball 1-1: Foul Ball, location: 2F 1-2: Strikes out swinging
|
|
Batting: RHB Jose Gonzalez
|
0-0: Called Strike 0-1: Ball 1-1: Ball 2-1: Ball 3-1: Ground out 4-3 (Groundball, 4S, EV 89.4 MPH)
|
|
Batting: LHB Dave Clark
|
0-0: Ball 1-0: Swinging Strike 1-1: Ball 2-1: Foul Ball, location: 2F 2-2: Ball 3-2: Base on Balls
|
|
Batting: LHB Robert Williamson
|
0-0: Fly out, F8 (Flyball, 8RD, EV 101.3 MPH)
|
| Top of the 5th over - 0 runs, 0 hits, 0 errors, 1 left on base; Utica 2 - Newark 2 |
| BOTTOM OF THE 5TH |
|
Newark Black Sox batting - Pitching for Utica Blue Jays : RHP Jeff Satzinger
|
|
Batting: RHB Rafael Belliard
|
0-0: Called Strike 0-1: Foul Ball, location: 2F 0-2: SINGLE (Groundball, 56, EV 78.8 MPH) (infield hit)
|
|
Batting: RHB Ellis Burks
|
0-0: Ball 1-0: Ball 2-0: Ball 3-0: Called Strike 3-1: Foul Ball, location: 2F 3-2: SINGLE (Line Drive, 78S, EV 103.8 MPH) Rafael Belliard to second Runner from 2nd tries for 3rd, SAFE, throw by LF made to third
|
|
Batting: RHB Moises Acosta
|
0-0: Ball 1-0: Fly out, F7 (Line Drive, 7, EV 89.4 MPH) Runner from 3rd tags up, SCORES, throw by LF
|
|
Batting: RHB Adrien Perkins
|
0-0: Ball 1-0: Called Strike 1-1: Ball 2-1: Swinging Strike 2-2: Foul Ball, location: 2F 2-2: Foul Ball, location: 2F 2-2: Strikes out swinging
|
|
Batting: RHB Ignacio Velasquez
|
0-0: Called Strike Ellis Burks steals 2nd base 0-1: Ball 1-1: Ball 2-1: Ball 3-1: Ground out 3-1 (Groundball, 34, EV 75.6 MPH)
|
| Bottom of the 5th over - 1 run, 2 hits, 0 errors, 1 left on base; Utica 2 - Newark 3 |
| TOP OF THE 6TH |
|
Utica Blue Jays batting - Pitching for Newark Black Sox : RHP Edgar Salas
|
|
Batting: SHB Delwyn Young
|
0-0: Ball 1-0: Ball 2-0: Ball 3-0: Called Strike 3-1: Base on Balls
|
|
Pitching: RHP Arthur Martinez
|
|
|
Batting: RHB Ricky Jordan
|
0-0: Ball 1-0: Foul Ball, location: 2F 1-1: Fly out, F9 (Flyball, 9S, EV 95.0 MPH)
|
|
Batting: SHB Steve Roadcap
|
0-0: Ball 1-0: Ball 2-0: Ball 3-0: Foul Ball, location: 2F 3-1: Called Strike 3-2: Foul Ball, location: 2F 3-2: Base on Balls Delwyn Young to second
|
|
Batting: RHB Eddie Santiago
|
0-0: Ball 1-0: Ball 2-0: Called Strike 2-1: Ball 3-1: Called Strike 3-2: SINGLE (Groundball, 6MD, EV 101.3 MPH) Delwyn Young to third Steve Roadcap to second Delwyn Young scores Steve Roadcap to third
|
|
Batting: RHB Gustavo Hernandez
|
0-0: Swinging Strike 0-1: Swinging Strike 0-2: Ball 1-2: Strikes out swinging
|
|
Batting: RHB Ed Allen
|
0-0: Ball 1-0: Ball 2-0: Ball 3-0: Called Strike 3-1: Swinging Strike 3-2: Foul Ball, location: 2F 3-2: Foul Ball, location: 2F 3-2: Fly out, F9 (Flyball, 9, EV 95.0 MPH)
|
| Top of the 6th over - 1 run, 1 hit, 0 errors, 2 left on base; Utica 3 - Newark 3 |
| BOTTOM OF THE 6TH |
|
Newark Black Sox batting - Pitching for Utica Blue Jays : RHP Jeff Satzinger
|
|
Batting: RHB Jerry Bendorf
|
0-0: Called Strike 0-1: DOUBLE (Flyball, 8RXD, EV 93.1 MPH)
|
|
Batting: LHB Casey Glenn
|
0-0: Ball 1-0: Ball 2-0: Foul Ball, location: 2F 2-1: Ball 3-1: Ground out U3 (Groundball, 34S, EV 61.3 MPH) Jerry Bendorf to third
|
|
Batting: RHB Danny Griffin
|
0-0: Swinging Strike 0-1: Foul Ball, location: 2F 0-2: Ball 1-2: Foul Ball, location: 2F 1-2: Strikes out swinging
|
|
Batting: RHB Orlando Gonzalez
|
0-0: Called Strike 0-1: Ball 1-1: Fly out, F8 (Flyball, 8LS, EV 83.8 MPH)
|
| Bottom of the 6th over - 0 runs, 1 hit, 0 errors, 1 left on base; Utica 3 - Newark 3 |
| TOP OF THE 7TH |
|
Utica Blue Jays batting - Pitching for Newark Black Sox : RHP Arthur Martinez
|
|
Batting: RHB Jose Gonzalez
|
0-0: Foul Ball, location: 2F 0-1: Foul Ball, location: 2F 0-2: Foul Ball, location: 2F 0-2: Foul Ball, location: 2F 0-2: Ball 1-2: DOUBLE (Flyball, 78D, EV 105.6 MPH)
|
|
Batting: LHB Dave Clark
|
0-0: Called Strike 0-1: Ball 1-1: Ball 2-1: Ball 3-1: Base on Balls
|
|
Pitching: LHP Lazaro Gonzalez
|
|
|
Batting: LHB Robert Williamson
|
0-0: Called Strike 0-1: Swinging Strike 0-2: 3-RUN HOME RUN (Flyball, 9LD, EV 94.4 MPH), Distance : 349 ft
|
|
Batting: SHB Delwyn Young
|
0-0: Ball 1-0: Swinging Strike 1-1: Ball 2-1: Foul Ball, location: 2F 2-2: Ground out 6-3 (Groundball, 6, EV 101.3 MPH)
|
|
Batting: RHB Ricky Jordan
|
0-0: Ground out 6-3 (Groundball, 6S, EV 70.6 MPH)
|
|
Batting: SHB Steve Roadcap
|
0-0: Ball 1-0: Ball 2-0: Ball 3-0: Base on Balls
|
|
Batting: RHB Eddie Santiago
|
0-0: Ball 1-0: Foul Ball, location: 2F 1-1: Ball 2-1: Fielders Choice at 2nd, 5-4 (Groundball, 5, EV 78.8 MPH)
|
| Top of the 7th over - 3 runs, 2 hits, 0 errors, 1 left on base; Utica 6 - Newark 3 |
| BOTTOM OF THE 7TH |
|
Newark Black Sox batting - Pitching for Utica Blue Jays : RHP Jeff Satzinger
|
|
Batting: RHB Rafael Belliard
|
0-0: Ball 1-0: Ground out 1-3 (Groundball, P, EV 71.9 MPH)
|
|
Batting: RHB Ellis Burks
|
0-0: Ball 1-0: Foul Ball, location: 2F 1-1: SINGLE (Line Drive, 3D, EV 97.5 MPH)
|
|
Batting: RHB Moises Acosta
|
0-0: Called Strike 0-1: Called Strike 0-2: Strikes out swinging
|
|
Batting: RHB Adrien Perkins
|
0-0: Ball 1-0: Ball 2-0: Fielders Choice at 2nd, 6-4 (Groundball, 6, EV 82.5 MPH)
|
| Bottom of the 7th over - 0 runs, 1 hit, 0 errors, 1 left on base; Utica 6 - Newark 3 |
| TOP OF THE 8TH |
|
Utica Blue Jays batting - Pitching for Newark Black Sox : LHP Lazaro Gonzalez
|
|
Batting: RHB Gustavo Hernandez
|
0-0: Ball 1-0: Foul Ball, location: 2F 1-1: Called Strike 1-2: Foul Ball, location: 2F 1-2: Strikes out swinging
|
|
Batting: RHB Ed Allen
|
0-0: Ball 1-0: Ground out 5-3 (Groundball, 5S, EV 66.9 MPH)
|
|
Batting: RHB Jose Gonzalez
|
0-0: Called Strike 0-1: Ball 1-1: Ball 2-1: Ball 3-1: Foul Ball, location: 2F 3-2: Foul Ball, location: 2F 3-2: Strikes out swinging
|
| Top of the 8th over - 0 runs, 0 hits, 0 errors, 0 left on base; Utica 6 - Newark 3 |
| BOTTOM OF THE 8TH |
|
Newark Black Sox batting - Pitching for Utica Blue Jays : RHP Jeff Satzinger
|
|
Batting: RHB Ignacio Velasquez
|
0-0: Ball 1-0: Ball 2-0: Ball 3-0: Base on Balls
|
|
Batting: RHB Jerry Bendorf
|
0-0: Swinging Strike Ignacio Velasquez steals 2nd base 0-1: Ground out 5-3 (Groundball, 5, EV 86.9 MPH)
|
|
Batting: LHB Casey Glenn
|
0-0: Ball 1-0: Fly out, F8 (Line Drive, 8LM, EV 91.9 MPH)
|
|
Batting: RHB Danny Griffin
|
0-0: Foul Ball, location: 2F 0-1: Foul Ball, location: 2F 0-2: Ball 1-2: Foul Ball, location: 2F 1-2: Ball 2-2: Ground out 5-3 (Groundball, 56, EV 81.3 MPH)
|
| Bottom of the 8th over - 0 runs, 0 hits, 0 errors, 1 left on base; Utica 6 - Newark 3 |
| TOP OF THE 9TH |
|
Utica Blue Jays batting - Pitching for Newark Black Sox : LHP Lazaro Gonzalez
|
|
Batting: LHB Dave Clark
|
0-0: Called Strike 0-1: Ball 1-1: Called Strike 1-2: Strikes out swinging
|
|
Batting: LHB Robert Williamson
|
0-0: Ground out 4-3 (Groundball, 34D, EV 101.3 MPH)
|
|
Batting: SHB Delwyn Young
|
0-0: Fly out, F9 (Flyball, 9LM, EV 88.8 MPH)
|
| Top of the 9th over - 0 runs, 0 hits, 0 errors, 0 left on base; Utica 6 - Newark 3 |
| BOTTOM OF THE 9TH |
|
Newark Black Sox batting - Pitching for Utica Blue Jays : RHP Jeff Satzinger
|
|
Pitching: RHP Josias Manzanillo
|
|
|
Batting: RHB Orlando Gonzalez
|
0-0: Foul Ball, location: 2F 0-1: Fly out, F1 (Popup, P, EV 70.6 MPH)
|
|
Batting: RHB Rafael Belliard
|
0-0: SINGLE (Line Drive, 78S, EV 100.0 MPH)
|
|
Batting: RHB Ellis Burks
|
0-0: Fly out, F8 (Flyball, 8RS, EV 72.5 MPH)
|
|
Batting: RHB Moises Acosta
|
0-0: Ball 1-0: Ground out 4-3 (Groundball, 4M, EV 100.0 MPH)
|
| Bottom of the 9th over - 0 runs, 1 hit, 0 errors, 1 left on base; Utica 6 - Newark 3 |
|